Map: Ulrena

Players

Gauchão

  • Race: Terran Terran
  • League: Bronze

Ajax - Winner!

  • Race: Protoss Protoss
  • League: Bronze

VOD

Have the link to the VOD?

Description

Time

  • Played on: Dec. 24, 2015, 2:24 p.m.
  • Length: 6:42
Show
View Real Time Build Order
Export as new Build Order

Gauchão Terran 

Build Orders:  

Get SALT Encoding   

  12  0:01  SCV  
  13  0:19  Supply Depot  
  13  0:23  SCV  
  14  0:35  SCV  
  15  0:46  Barracks  
  15  0:47  SCV  
  16  0:53  Supply Depot  
  16  0:59  SCV  
  16  1:02  Refinery  
  17  1:11  SCV  
  18  1:23  SCV  
  19  1:31  Refinery  
  19  1:35  SCV  
  19  1:39  Bunker  
  21  1:46  Reaper  
  21  1:47  SCV  
  22  1:59  SCV  
  23  2:06  Barracks  
  23  2:12  SCV  
  24  2:18  Marine  
  25  2:27  Orbital Command  
  25  2:36  Marine  
  26  2:49  Command Center  
  26  2:54  Marine  
  27  3:11  Marine  
  27  3:21  Barracks Tech Lab  
  27  3:29  Factory  
  27  3:55  Barracks Reactor  
  27  3:56  Marauder  
  29  4:14  Factory  
  29  4:17  Marauder  
  31  4:24  SCV  
  32  4:36  SCV  
  33  4:39  Marauder  
  33  4:45  Marine x2  
  37  4:49  SCV  
  38  4:56  Engineering Bay  
  38  5:07  Supply Depot  
  38  5:25  Missile Turret  
  38  5:29  Marauder, SCV x2, Reaper, Marine  
  38  5:30  Factory Tech Lab  
  38  5:31  Supply Depot, Factory Reactor  
  44  5:41  SCV x2  
  46  5:43  Refinery  
  46  5:52  Reaper x2  
  46  5:53  SCV x2  
  46  6:01  Reaper  
  46  6:03  Supply Depot  
  39  6:05  SCV x2  
  39  6:07  Refinery  
  41  6:17  SCV x2  
  42  6:29  SCV x2  
Show
View Real Time Build Order
Export as new Build Order

Ajax Protoss - Winner!

Build Orders: Blink Stalkers 

Get SALT Encoding   

  12  0:01  Probe (Chrono Boost)  
  13  0:13  Probe (Chrono Boost)  
  14  0:20  Pylon  
  14  0:23  Probe (Chrono Boost)  
  15  0:39  Probe (Chrono Boost)  
  15  0:41  Gateway  
  16  0:45  Assimilator  
  16  0:49  Probe (Chrono Boost)  
  17  1:00  Probe (Chrono Boost)  
  18  1:07  Assimilator  
  18  1:08  Pylon  
  18  1:11  Probe (Chrono Boost)  
  19  1:21  Probe (Chrono Boost)  
  20  1:32  Cybernetics Core  
  20  1:33  Probe (Chrono Boost)  
  21  1:44  Probe (Chrono Boost)  
  22  1:57  Probe (Chrono Boost), Gateway  
  22  2:00  Gateway  
  23  2:12  Stalker  
  25  2:30  Twilight Council  
  25  2:42  Stalker  
  27  2:54  Nexus  
  27  3:01  Mothership Core (Chrono Boost)  
  29  3:09  Blink  
  29  3:19  Probe (Chrono Boost)  
  30  3:26  Pylon  
  30  3:44  Stalker  
  32  3:53  Stalker  
  32  3:54  Stalker  
  36  4:04  Pylon  
  36  4:14  Stalker  
  38  4:23  Probe (Chrono Boost)  
  37  4:34  Probe (Chrono Boost)  
  36  4:40  Stalker x2  
  36  4:44  Stalker, Probe (Chrono Boost)  
  43  4:50  Forge  
  43  4:53  Stargate  
  43  4:59  Probe (Chrono Boost)  
  44  5:00  Stargate  
  44  5:05  Assimilator  
  44  5:09  Probe (Chrono Boost)  
  45  5:16  Pylon  
  45  5:25  Stalker  
  45  5:26  Stalker  
  49  5:29  Stalker  
  51  5:42  Probe (Chrono Boost)  
  52  5:52  Probe (Chrono Boost)  
  53  6:03  Probe (Chrono Boost)  
  52  6:08  Stalker x3  
  62  6:22  Assimilator  
Tags
 
Add a new tag
Caveats
  • Supply blocks, unpowered buildings, or Contaminate may cause inaccurate times.
  • Supply counts are checked every 10 seconds.